 Dungeon Crawl Stone Soup version 0.30-a0-469-g84de5afbc5 (webtiles) character file.

Game seed: 12467667745186792709

42 ragingrage the Ducker (level 3, -2/24 HPs)
             Began as a Merfolk Hedge Wizard on Dec 20, 2022.
             Slain by an orc
             ... wielding a +0 flail
              (9 damage)
             ... on level 3 of the Dungeon.
             The game lasted 00:02:10 (1311 turns).

ragingrage the Ducker (Merfolk Hedge Wizard)        Turns: 1311, Time: 00:02:11

Health: -2/24      AC:  2    Str: 10    XL:     3   Next: 54%
Magic:  7/7        EV: 13    Int: 13    God:
Gold:   86         SH:  0    Dex: 15    Spells: 7/8 levels left

rFire   . . .      SeeInvis .    k - +2 short sword (speed)
rCold   . . .      Faith    .    (no shield)
rNeg    . . .      Spirit   .    b - +0 robe
rPois   .          Reflect  .    c - +0 hat
rElec   .          Harm     .    (no cloak)
rCorr   .          Rampage  .    (no gloves)
Will    .....                    (no boots)
Stlth   ++........               (no amulet)
HPRegen 0.24/turn                (no ring)
MPRegen 0.10/turn                (no ring)

@: no status effects
A: (nimble swimmer 2), mertail
a: no special abilities


You were on level 3 of the Dungeon.
You visited 1 branch of the dungeon, and saw 3 of its levels.

You collected 86 gold pieces.

Inventory:

Hand Weapons
 k - a +2 short sword of speed (weapon)
Armour
 b - a +0 robe (worn)
 c - a +0 hat (worn)
Jewellery
 l - a ring of fire
Scrolls
 a - a scroll of fear {unknown}
 e - 4 scrolls of identify {unknown}
 h - 2 scrolls of blinking {unknown}
 n - a scroll of noise {unknown}
 p - a scroll of immolation {unknown}
Potions
 d - a potion of magic
 f - 2 potions of attraction {unknown}
 g - a potion of brilliance {unknown}
 i - a potion of cancellation {unknown}
 j - 3 potions of degeneration {unknown}
 m - a potion of curing {unknown}
 o - a potion of might {unknown}


   Skills:
 - Level 3.9 Dodging
 + Level 3.6 Stealth
 - Level 3.0 Spellcasting
 - Level 0.7 Conjurations
 - Level 1.0 Summonings
 - Level 0.7 Translocations


You had 7 spell levels left.
You knew the following spells:

 Your Spells              Type           Power      Damage    Failure   Level
a - Magic Dart            Conj           12%        1d3       17%         1

Your spell library contained the following spells:

 Spells                   Type           Power      Damage    Failure   Level
 Slow                     Hex            4%         N/A       22%         1
 Sting                    Tmut/Pois      4%         1d3       22%         1
 Call Imp                 Summ           4%         N/A       22%         2
 Blink                    Tloc           6%         N/A       26%         2
 Cigotuvi's Dreadful Rot  Necr/Pois/Air  2%         N/A       34%         2
 Poisonous Vapours        Pois/Air       2%         N/A       34%         2
 Mephitic Cloud           Conj/Pois/Air  2%         N/A       52%         3
 Confusing Touch          Hex            1%         N/A       56%         3
 Vampiric Draining        Necr           1%         2d6       56%         3
 Olgreb's Toxic Radiance  Pois           1%         N/A       92%         4


Dungeon Overview and Level Annotations

Branches:
Dungeon (3/15)

Altars:

Annotations:
D:2 Sigmund


Innate Abilities, Weirdness & Mutations

((You are very nimble when in or above water. (Stealth+, EV+, Speed+++)))
Your lower body shifts to a powerful aquatic tail in water.


Message History

The orc shouts!
The quokka bites you but does no damage.
The quokka misses you.
You barely miss the orc. The orc hits you with a +0 flail!
You are too injured to fight recklessly!
You are too injured to fight recklessly!
You are too injured to fight recklessly!
You are too injured to fight recklessly!
You are too injured to fight recklessly!
You are too injured to fight recklessly!
You are too injured to fight recklessly!
You barely miss the quokka. The quokka barely misses you.
The orc hits you but does no damage.
The orc jeers loudly, in orcish tradition.
The quokka bites you. The orc attacks as you move away!
The orc hits you with a +0 flail. The orc attacks as you move away!
The orc hits you but does no damage. The quokka attacks as you move away!
The quokka bites you but does no damage.
You hit the quokka.
You kill the quokka!
You swing at nothing.
You completely miss the orc. The orc barely misses you.
You hit the orc but do no damage. You hit the orc but do no damage.
The orc hits you with a +0 flail.
You barely miss the orc. The orc hits you with a +0 flail.
* * * LOW HITPOINT WARNING * * *
You closely miss the orc. You hit the orc.
The orc is heavily wounded.
The orc closely misses you.
You completely miss the orc.
The orc is heavily wounded.
The orc misses you.
You hit the orc but do no damage.
The orc is heavily wounded.
You hit the orc.
The orc is almost dead.
The orc hits you with a +0 flail!
You die...

..............#
#............##
#.............#####
#..................
##...:........#####
#..........###
#..........#
##########o# ###### #@#
#....# #.###.##.#### ###
#.#......... ..#
######.#.#.##.#.# #.#
#..............#.#####.#
#.####....#.#..†....##.#
#.....#....#.##.##.#
##....######.##.##.#
##.#.# #.......#


You could see an orc.

Vanquished Creatures
  An adder (D:3)
  A dart slug (D:3)
  2 endoplasms
  2 giant cockroaches
  3 goblins (D:1)
  2 hobgoblins
  2 quokkas
  4 ball pythons
  5 bats
  4 frilled lizards
  A kobold (D:1)
  2 rats
29 creatures vanquished.

Notes
Turn   | Place    | Note
-------+----------+-------------------------------------------
     0 | D:1      | ragingrage the Merfolk Hedge Wizard began the quest for the
                  | Orb.
     0 | D:1      | Reached XP level 1. HP: 13/13 MP: 4/4
   298 | D:1      | Reached XP level 2. HP: 12/19 MP: 6/6
  1107 | D:2      | Noticed Sigmund
  1137 | D:2      | Reached XP level 3. HP: 22/24 MP: 7/7
  1311 | D:3      | Slain by an orc

Illustrated notes

Levels and vault maps discovered:
D:1:      noname_arrival_rooms_in_the_neighbourhood, layout_basic,
          columned_hall_lemuel, minmay_misc_feat_ornament
D:2:      layout_rooms, uniq_sigmund, uniq_natasha
D:3:      layout_loops_corners

Skill      XL: |  1  2  3 |
---------------+----------+-----
Dodging        | 3 |  3.9
Stealth        | 3 |  3.6
Spellcasting   | |  3.0
Conjurations   | |  0.7
Summonings     | |  1.0
Translocations | |  0.7

Action                   || total
-------------------------++-------
Melee: Dagger            ||    19
       Short sword       ||    84
       Punch             ||     1
 Stab: Sleeping          ||     5
Armor: Robe              ||    12
Dodge: Dodged            ||    61

Table legend: (Time is in decaauts)
 A = Elapsed time spent in this place.
 B = Non-inter-level travel time spent in this place.
 C = Inter-level travel time spent in this place.
 D = Time resting spent in this place.
 E = Time spent auto-exploring this place.
 F = Levels seen in this place.
 G = Mean time per level.
                   A        B        C        D        E       F      G
               +--------+--------+--------+--------+--------+-----+--------+
         Total |   1284 |   1262 |     22 |     70 |    941 |   3 |  428.0 |
       Dungeon |   1284 |   1262 |     22 |     70 |    941 |   3 |  428.0 |
               +--------+--------+--------+--------+--------+-----+--------+

Top non-repeatable levels by time:
     D:1: 966 daAuts
     D:2: 161 daAuts
     D:3: 156 daAuts
